 Dungeon Crawl Stone Soup version 0.28-a0-661-g144af121cd (webtiles) character file.

Game seed: 4242185264412341076

83 Ijustatesigmund the Thaumaturge (level 4, 0/32 HPs)
             Began as a Gnoll Wanderer on Oct 14, 2021.
             Slain by Ijyb (5 damage)
             ... on level 2 of the Dungeon.
             The game lasted 00:05:42 (3219 turns).

Ijustatesigmund the Thaumaturge (Gnoll Wanderer)    Turns: 3219, Time: 00:05:43

Health: 0/32       AC:  2    Str: 13    XL:     4   Next: 44%
Magic:  15/17      EV: 11    Int: 11    God:
Gold:   107        SH:  5    Dex: 11    Spells: 24/25 levels left

rFire   . . .      SeeInvis .   a - +0 mace
rCold   . . .      Faith    .   c - +0 buckler
rNeg    . . .      Spirit   .   b - +0 robe
rPois   .          Reflect  .   (no helmet)
rElec   .          Harm     .   (no cloak)
rCorr   .          Rampage  .   (no gloves)
Will    .....                   (no boots)
Stlth   +.........              (no amulet)
HPRegen 0.10/turn               (no ring)
MPRegen 0.15/turn               (no ring)

@: no status effects
A: fangs 1, strong nose, distributed training
a: no special abilities


You were on level 2 of the Dungeon.
You visited 1 branch of the dungeon, and saw 3 of its levels.

You collected 107 gold pieces.

Inventory:

Hand Weapons
 a - a +0 mace (weapon)
Missiles
 e - 17 poisoned darts
Armour
 b - a +0 robe (worn)
 c - a +0 buckler (worn)
Wands
 i - a wand of iceblast (5)
Scrolls
 h - a scroll of magic mapping {unknown}
Potions
 f - a potion of brilliance


   Skills:
 + Level 1.1 Fighting
 + Level 1.1 Short Blades
 + Level 1.1 Long Blades
 + Level 1.1 Axes
 + Level 1.1 Maces & Flails
 + Level 1.1 Polearms
 + Level 1.1 Staves
 + Level 1.1 Slings
 + Level 1.1 Bows
 + Level 1.1 Crossbows
 + Level 1.1 Throwing
 + Level 1.1 Armour
 + Level 1.1 Dodging
 + Level 1.1 Stealth
 + Level 4.6 Shields
 + Level 1.1 Unarmed Combat
 + Level 11.3 Spellcasting
 + Level 0.9 Conjurations
 + Level 5.4 Hexes
 + Level 0.9 Summonings
 + Level 0.9 Necromancy
 + Level 0.9 Translocations
 + Level 0.9 Transmutations
 + Level 0.9 Fire Magic
 + Level 0.9 Ice Magic
 + Level 0.9 Air Magic
 + Level 0.9 Earth Magic
 + Level 0.9 Poison Magic
 + Level 1.2 Invocations
 + Level 1.1 Evocations


You had 24 spell levels left.
You knew the following spells:

 Your Spells              Type           Power      Damage    Failure   Level
a - Magic Dart            Conj           32%        1d4       8%          1

Your spell library contained the following spells:

 Spells                   Type           Power      Damage    Failure   Level
 Slow                     Hex            18%        N/A       1%          2
 Blink                    Tloc           N/A        N/A       12%         2
 Call Imp                 Summ           8%         N/A       12%         2
 Passwall                 Tmut/Erth      6%         N/A       12%         2
 Wereblood                Tmut           8%         N/A       12%         2
 Conjure Flame            Conj/Fire      8%         6-21      22%         3
 Mephitic Cloud           Conj/Pois/Air  8%         N/A       22%         3


Dungeon Overview and Level Annotations

Branches:
Dungeon (3/15)

Altars:
Okawaru

Shops:
D:1 (

Annotations:
D:2 Ijyb


Innate Abilities, Weirdness & Mutations

You have very sharp teeth.
Your uncanny sense of smell can sniff out nearby items.
Your experience applies equally to all skills.


Message History

The magic dart hits Ijyb.
Ijyb is heavily wounded.
Ijyb drinks a potion.
Ijyb is healed!
Ijyb screams, "No!
No, no, no, no!"
Ijyb screams, "You nasty!
Big nasty!"
A ball python comes into view.
There is a stone staircase leading up here.
You block Ijyb's attack.
You climb upwards.
There is a stone staircase leading down here.
Ijyb screams, "I cut your head off!"
There is a stone staircase leading up here.
Okay, then.
Okay, then.
Memorise Blink, consuming 2 spell levels and leaving 22?
Ijyb hits you with a +0 club.
Your memorisation is interrupted.
Memorise Blink, consuming 2 spell levels and leaving 22?
Ijyb hits you with a +0 club.
Your memorisation is interrupted.
* * * LOW HITPOINT WARNING * * *
Casting: Magic Dart (safe; 8% risk of failure)
Confirm with . or Enter, or press ? or * to list all spells.
Aiming: Magic Dart (safe; 8% risk of failure)
Press: ? - help, Shift-Dir - straight line, f - Ijyb
Aim: Ijyb, wielding a +0 club and wearing a +0 scale mail (moderately wounded, 100% to hit)
The magic dart hits Ijyb but does no damage.
Ijyb is moderately wounded.
You block Ijyb's attack.
Casting: Magic Dart (safe; 8% risk of failure)
Confirm with . or Enter, or press ? or * to list all spells.
Aiming: Magic Dart (safe; 8% risk of failure)
Press: ? - help, Shift-Dir - straight line, f/p - Ijyb
Aim: Ijyb, wielding a +0 club and wearing a +0 scale mail (moderately wounded, 100% to hit)
The magic dart hits Ijyb but does no damage.
Ijyb is moderately wounded.
Ijyb hits you with a +0 club.
* * * LOW HITPOINT WARNING * * *
You hit Ijyb but do no damage.
Ijyb is moderately wounded.
Ijyb misses you. Ijyb hits you with a +0 club.
You die...

#....#.#
#.####.# #.#
#.# #.# #.#
#########
#.# #.#
........#
#.# #.#
#######.#
#.# #.# #.#
#.# #.## #.#
#@# #..# #.#
#g# ##.# #.#
#.# #.# #.#
#.# #.#
#.########.#
#.#
#..........#
#.#
#..#########
#.# #..# #.#
#..# #.#


You could see Ijyb.

Vanquished Creatures
  2 adders (D:3)
  A dart slug (D:3)
  5 endoplasms
  4 giant cockroaches
  5 goblins
  7 hobgoblins
  2 jackals (D:1)
  3 quokkas
  6 ball pythons
  5 bats
  5 frilled lizards
  8 kobolds
  3 rats
56 creatures vanquished.

Vanquished Creatures (others)
  2 fungi (D:3)
2 creatures vanquished.

Grand Total: 58 creatures vanquished

Notes
Turn   | Place    | Note
-------+----------+-------------------------------------------
     0 | D:1      | Reached skill level 11 in Spellcasting
     0 | D:1      | Ijustatesigmund the Gnoll Wanderer began the quest for the
                  | Orb.
     0 | D:1      | Ijustatesigmund set off with the following items: a +0
                  | club, a +0 robe, a +0 buckler; and the following spell
                  | memorised: Magic Dart; and the following spells available
                  | to memorise: Slow, Blink, Call Imp, Passwall, Wereblood,
                  | Conjure Flame, Mephitic Cloud
     0 | D:1      | Reached XP level 1. HP: 13/13 MP: 12/12
   223 | D:1      | Reached XP level 2. HP: 19/19 MP: 12/14
   401 | D:1      | Found Neaghon's Antique Weapon Boutique.
   685 | D:1      | Reached XP level 3. HP: 25/25 MP: 7/15
  1249 | D:1      | Found a faded altar of an unknown god.
  1823 | D:2      | Reached skill level 1 in Invocations
  2473 | D:3      | Reached skill level 1 in Fighting
  2473 | D:3      | Reached skill level 1 in Short Blades
  2473 | D:3      | Reached skill level 1 in Long Blades
  2473 | D:3      | Reached skill level 1 in Axes
  2473 | D:3      | Reached skill level 1 in Maces & Flails
  2473 | D:3      | Reached skill level 1 in Polearms
  2473 | D:3      | Reached skill level 1 in Staves
  2473 | D:3      | Reached skill level 1 in Slings
  2473 | D:3      | Reached skill level 1 in Bows
  2473 | D:3      | Reached skill level 1 in Crossbows
  2473 | D:3      | Reached skill level 1 in Throwing
  2473 | D:3      | Reached skill level 1 in Armour
  2473 | D:3      | Reached skill level 1 in Dodging
  2473 | D:3      | Reached skill level 1 in Stealth
  2473 | D:3      | Reached skill level 1 in Unarmed Combat
  2473 | D:3      | Reached skill level 1 in Evocations
  2487 | D:3      | Found an iron altar of Okawaru.
  2566 | D:3      | Reached XP level 4. HP: 23/32 MP: 2/17
  3110 | D:3      | Noticed Ijyb
  3124 | D:3      | Paralysed by Ijyb for 2 turns
  3130 | D:3      | Paralysed by Ijyb for 6 turns
  3141 | D:3      | Paralysed by Ijyb for 5 turns
  3219 | D:2      | Slain by Ijyb

Illustrated notes

Levels and vault maps discovered:
D:1:      elethiomel_arrival_infinity_welcomes_careful_drivers, layout_rooms,
          serial_shops, nicolae_shop_statue_plus,
          hellmonk_ecumenical_altar_heavens_door
D:2:      layout_loops_ring
D:3:      layout_loops_ring, okawaru_gym_becter, minmay_misc_feat_rows,
          amethyst_killhole, uniq_crazy_yiuf_cottage, uniq_ijyb

Skill      XL: |  1  2  3 |
---------------+----------+-----
Spellcasting   | | 11.3
Invocations    | 1 |  1.2
Fighting       | 1 |  1.1
Short Blades   | 1 |  1.1
Long Blades    | 1 |  1.1
Axes           | 1 |  1.1
Maces & Flails | 1 |  1.1
Polearms       | 1 |  1.1
Staves         | 1 |  1.1
Slings         | 1 |  1.1
Bows           | 1 |  1.1
Crossbows      | 1 |  1.1
Throwing       | 1 |  1.1
Armour         | 1 |  1.1
Dodging        | 1 |  1.1
Stealth        | 1 |  1.1
Unarmed Combat | 1 |  1.1
Evocations     | 1 |  1.1
Shields        | |  4.6
Conjurations   | |  0.9
Hexes          | |  5.4
Summonings     | |  0.9
Necromancy     | |  0.9
Translocations | |  0.9
Transmutations | |  0.9
Fire Magic     | |  0.9
Ice Magic      | |  0.9
Air Magic      | |  0.9
Earth Magic    | |  0.9
Poison Magic   | |  0.9

Action                   |  1- 3 |  4- 6 || total
-------------------------+-------+-------++-------
Melee: Whip              |     7 |       ||     7
       Mace              |    10 |    18 ||    28
       Bite              |       |     2 ||     2
 Cast: Magic Dart        |   130 |    38 ||   168
  Use: Scroll            |     5 |       ||     5
       Potion            |       |     2 ||     2
Armor: Robe              |     6 |     2 ||     8
Dodge: Dodged            |    27 |    20 ||    47
Block: Buckler           |     8 |    10 ||    18

Table legend: (Time is in decaauts)
 A = Elapsed time spent in this place.
 B = Non-inter-level travel time spent in this place.
 C = Inter-level travel time spent in this place.
 D = Time resting spent in this place.
 E = Time spent auto-exploring this place.
 F = Levels seen in this place.
 G = Mean time per level.
                   A        B        C        D        E       F      G
               +--------+--------+--------+--------+--------+-----+--------+
         Total |   3228 |   3165 |     63 |    525 |   2205 |   3 | 1076.0 |
       Dungeon |   3228 |   3165 |     63 |    525 |   2205 |   3 | 1076.0 |
               +--------+--------+--------+--------+--------+-----+--------+

Top non-repeatable levels by time:
     D:1: 1434 daAuts
     D:2: 1081 daAuts
     D:3: 711 daAuts
